TOP OF THE 1ST |
San Francisco Bandits batting - Pitching for So Cal Henvy : LHP Stanley Inman
|
Pitching: LHP Stanley Inman
|
|
Batting: RHB Pete Rideout
|
0-0: Ball 1-0: Foul Ball, location: 2F 1-1: Swinging Strike 1-2: Strikes out swinging
|
Batting: LHB Jerry Bryan
|
0-0: Ball 1-0: Foul Ball, location: 2F 1-1: Ball 2-1: Ball 3-1: Called Strike 3-2: Base on Balls
|
Batting: RHB Jorge Morales
|
0-0: Foul Ball, location: 2F 0-1: Ball 1-1: Ball 2-1: Ball 3-1: Swinging Strike 3-2: Strikes out swinging
|
Batting: RHB Michael Elliott
|
0-0: Ball 1-0: Swinging Strike 1-1: Foul Ball, location: 2F 1-2: Ball 2-2: Ball 3-2: Strikes out looking
|
Top of the 1st over - 0 run(s), 0 hit(s), 0 error(s), 1 left on base; San Francisco 0 - So Cal 0 |
BOTTOM OF THE 1ST |
So Cal Henvy batting - Pitching for San Francisco Bandits : LHP Pancho Guerrero
|
Pitching: LHP Pancho Guerrero
|
|
Batting: SHB Miguel González
|
0-0: Called Strike 0-1: Swinging Strike 0-2: Strikes out swinging
|
Batting: RHB Earl Wiggins
|
0-0: Called Strike 0-1: SOLO HOME RUN (Line Drive, 8RXD), Distance : 415 ft
|
Batting: LHB John Peterson
|
0-0: Ball 1-0: Fly out, F3 (Popup, 23)
|
Batting: RHB Rubén Calderón
|
0-0: Ball 1-0: Ball 2-0: Fly out, F8 (Flyball, 8RXD)
|
Bottom of the 1st over - 1 run(s), 1 hit(s), 0 error(s), 0 left on base; San Francisco 0 - So Cal 1 |
TOP OF THE 2ND |
San Francisco Bandits batting - Pitching for So Cal Henvy : LHP Stanley Inman
|
Batting: RHB Cory Foster
|
0-0: Ball 1-0: Ball 2-0: Ball 3-0: Base on Balls
|
Batting: SHB Vicente Ricks
|
0-0: Grounds into double play, 6-4-3 (Groundball, 6)
|
Batting: RHB Bob Orr
|
0-0: Ball 1-0: Called Strike 1-1: Foul Ball, location: 2F 1-2: Strikes out swinging
|
Top of the 2nd over - 0 run(s), 0 hit(s), 0 error(s), 0 left on base; San Francisco 0 - So Cal 1 |
BOTTOM OF THE 2ND |
So Cal Henvy batting - Pitching for San Francisco Bandits : LHP Pancho Guerrero
|
Batting: LHB José Antonio Santiago
|
0-0: Foul Ball, location: 2F 0-1: Ball 1-1: Foul Ball, location: 2F 1-2: Ball 2-2: Strikes out looking
|
Batting: RHB Morgan Gibbon
|
0-0: Ball 1-0: Ground out 1-3 (Groundball, 13)
|
Batting: RHB Greg Handrahan
|
0-0: Ball 1-0: Foul Ball, location: 2F 1-1: Called Strike 1-2: SOLO HOME RUN (Flyball, 78XD), Distance : 400 ft
|
Batting: RHB Edouard Padovano
|
0-0: Foul Ball, location: 2F 0-1: Called Strike 0-2: Ball 1-2: Ball 2-2: Strikes out swinging
|
Bottom of the 2nd over - 1 run(s), 1 hit(s), 0 error(s), 0 left on base; San Francisco 0 - So Cal 2 |
TOP OF THE 3RD |
San Francisco Bandits batting - Pitching for So Cal Henvy : LHP Stanley Inman
|
Batting: RHB Emílio Bruno
|
0-0: Fly out, F8 (Flyball, 8RD)
|
Batting: RHB Javier Ramírez
|
0-0: Ground out 4-3 (Groundball, 4S)
|
Batting: RHB Pete Rideout
|
0-0: Ground out 6-3 (Groundball, 6M)
|
Top of the 3rd over - 0 run(s), 0 hit(s), 0 error(s), 0 left on base; San Francisco 0 - So Cal 2 |
BOTTOM OF THE 3RD |
So Cal Henvy batting - Pitching for San Francisco Bandits : LHP Pancho Guerrero
|
Batting: RHB Gregg Nelson
|
0-0: Ball 1-0: Fly out, F7 (Flyball, 7M)
|
Batting: SHB Miguel González
|
0-0: Ball 1-0: Ball 2-0: Called Strike 2-1: Foul Ball, location: 2F 2-2: Ball 3-2: Ground out 6-3 (Groundball, 6)
|
Batting: RHB Earl Wiggins
|
0-0: Called Strike 0-1: Ball 1-1: Ball 2-1: Swinging Strike 2-2: Ground out 4-3 (Groundball, 4)
|
Bottom of the 3rd over - 0 run(s), 0 hit(s), 0 error(s), 0 left on base; San Francisco 0 - So Cal 2 |
TOP OF THE 4TH |
San Francisco Bandits batting - Pitching for So Cal Henvy : LHP Stanley Inman
|
Batting: LHB Jerry Bryan
|
0-0: Ball 1-0: Swinging Strike 1-1: Ball 2-1: Swinging Strike 2-2: Ball 3-2: Foul Ball, location: 2F 3-2: Foul Ball, location: 2F 3-2: Strikes out swinging, 2-3 out at first.
|
Batting: RHB Jorge Morales
|
0-0: Foul Ball, location: 2F 0-1: Foul Ball, location: 2F 0-2: Ball 1-2: Strikes out swinging
|
Batting: RHB Michael Elliott
|
0-0: Ball 1-0: Swinging Strike 1-1: Ball 2-1: Foul Ball, location: 2F 2-2: Ball 3-2: Foul Ball, location: 2F 3-2: Strikes out swinging
|
Top of the 4th over - 0 run(s), 0 hit(s), 0 error(s), 0 left on base; San Francisco 0 - So Cal 2 |
BOTTOM OF THE 4TH |
So Cal Henvy batting - Pitching for San Francisco Bandits : LHP Pancho Guerrero
|
Batting: LHB John Peterson
|
0-0: Ball 1-0: Foul Ball, location: 2F 1-1: Ground out 1-3 (Groundball, 13S)
|
Batting: RHB Rubén Calderón
|
0-0: Called Strike 0-1: Called Strike 0-2: Foul Ball, location: 2F 0-2: Strikes out swinging
|
Batting: LHB José Antonio Santiago
|
0-0: Ball 1-0: Ball 2-0: Called Strike 2-1: Foul Ball, location: 2F 2-2: Ball 3-2: SINGLE (Groundball, 6MD)
|
Batting: RHB Morgan Gibbon
|
0-0: Fly out, F4 (Line Drive, 4M)
|
Bottom of the 4th over - 0 run(s), 1 hit(s), 0 error(s), 1 left on base; San Francisco 0 - So Cal 2 |
TOP OF THE 5TH |
San Francisco Bandits batting - Pitching for So Cal Henvy : LHP Stanley Inman
|
Batting: RHB Cory Foster
|
0-0: Ball 1-0: Ball 2-0: Ball 3-0: Called Strike 3-1: Foul Ball, location: 2F 3-2: Strikes out looking
|
Batting: SHB Vicente Ricks
|
0-0: Ball 1-0: Ground out 4-3 (Groundball, 13)
|
Batting: RHB Bob Orr
|
0-0: Foul Ball, location: 2F 0-1: SOLO HOME RUN (Flyball, 89XD), Distance : 396 ft
|
Batting: RHB Emílio Bruno
|
0-0: Ball 1-0: Foul Ball, location: 2F 1-1: Swinging Strike 1-2: Ground out 4-3 (Groundball, 4)
|
Top of the 5th over - 1 run(s), 1 hit(s), 0 error(s), 0 left on base; San Francisco 1 - So Cal 2 |
BOTTOM OF THE 5TH |
So Cal Henvy batting - Pitching for San Francisco Bandits : LHP Pancho Guerrero
|
Batting: RHB Greg Handrahan
|
0-0: Swinging Strike 0-1: Swinging Strike 0-2: Foul Ball, location: 2F 0-2: Ball 1-2: Strikes out swinging
|
Batting: RHB Edouard Padovano
|
0-0: Ball 1-0: Fly out, F5 (Popup, 5F)
|
Batting: RHB Gregg Nelson
|
0-0: Ball 1-0: Ball 2-0: Foul Ball, location: 2F 2-1: SINGLE (Line Drive, 34)
|
Batting: SHB Miguel González
|
0-0: Ball 1-0: Called Strike 1-1: Ball 2-1: Swinging Strike 2-2: Foul Ball, location: 2F 2-2: Ball 3-2: SINGLE (Groundball, 4) Gregg Nelson to second Gregg Nelson to third
|
Batting: RHB Earl Wiggins
|
0-0: Ball 1-0: Called Strike 1-1: Foul Ball, location: 2F 1-2: 3-RUN HOME RUN (Flyball, 8LXD), Distance : 411 ft
|
Batting: LHB John Peterson
|
0-0: Swinging Strike 0-1: Ball 1-1: Swinging Strike 1-2: Strikes out swinging
|
Bottom of the 5th over - 3 run(s), 3 hit(s), 0 error(s), 0 left on base; San Francisco 1 - So Cal 5 |
TOP OF THE 6TH |
San Francisco Bandits batting - Pitching for So Cal Henvy : LHP Stanley Inman
|
Batting: RHB Javier Ramírez
|
0-0: Called Strike 0-1: Swinging Strike 0-2: Strikes out swinging
|
Batting: RHB Pete Rideout
|
0-0: Ball 1-0: Ground out 5-3 (Groundball, 56)
|
Batting: LHB Jerry Bryan
|
0-0: Ball 1-0: Called Strike 1-1: Ball 2-1: Ball 3-1: Base on Balls
|
Batting: RHB Jorge Morales
|
0-0: Ball 1-0: Called Strike 1-1: Foul Ball, location: 2F 1-2: Foul Ball, location: 2F 1-2: Foul Ball, location: 2F 1-2: Strikes out looking
|
Top of the 6th over - 0 run(s), 0 hit(s), 0 error(s), 1 left on base; San Francisco 1 - So Cal 5 |
BOTTOM OF THE 6TH |
So Cal Henvy batting - Pitching for San Francisco Bandits : LHP Pancho Guerrero
|
Batting: RHB Rubén Calderón
|
0-0: SINGLE (Line Drive, 6MD)
|
Batting: LHB José Antonio Santiago
|
0-0: Foul Ball, location: 2F 0-1: Ground out 3-1 (Groundball, 34) Rubén Calderón to second
|
Batting: RHB Morgan Gibbon
|
0-0: Ball 1-0: Called Strike 1-1: Called Strike 1-2: Foul Ball, location: 2F 1-2: Ball 2-2: Foul Ball, location: 2F 2-2: Ground out 5-3 (Groundball, 5S) Rubén Calderón to third
|
Batting: RHB Greg Handrahan
|
0-0: Called Strike 0-1: Ball 1-1: Called Strike 1-2: Ball 2-2: Foul Ball, location: 2F 2-2: Foul Ball, location: 2F 2-2: Ball 3-2: Fly out, F7 (Flyball, 7S)
|
Bottom of the 6th over - 0 run(s), 1 hit(s), 0 error(s), 1 left on base; San Francisco 1 - So Cal 5 |
TOP OF THE 7TH |
San Francisco Bandits batting - Pitching for So Cal Henvy : LHP Stanley Inman
|
Batting: RHB Michael Elliott
|
0-0: Called Strike 0-1: SOLO HOME RUN (Flyball, 78XD), Distance : 453 ft
|
Batting: RHB Cory Foster
|
0-0: Ball 1-0: Called Strike 1-1: Ball 2-1: Ball 3-1: Ground out 6-3 (Groundball, 56)
|
Batting: SHB Vicente Ricks
|
0-0: Ball 1-0: Foul Ball, location: 2F 1-1: Foul Ball, location: 2F 1-2: Foul Ball, location: 2F 1-2: Fly out, F7 (Flyball, 7D)
|
Batting: RHB Bob Orr
|
0-0: Ground out 5-3 (Groundball, 56)
|
Top of the 7th over - 1 run(s), 1 hit(s), 0 error(s), 0 left on base; San Francisco 2 - So Cal 5 |
BOTTOM OF THE 7TH |
So Cal Henvy batting - Pitching for San Francisco Bandits : LHP Pancho Guerrero
|
Pitching: RHP Fernando Llama
|
|
Batting: RHB Edouard Padovano
|
0-0: Ball 1-0: Foul Ball, location: 2F 1-1: Swinging Strike 1-2: Strikes out swinging
|
Batting: RHB Gregg Nelson
|
0-0: Ball 1-0: Swinging Strike 1-1: Ball 2-1: Ball 3-1: Foul Ball, location: 2F 3-2: Foul Ball, location: 2F 3-2: Strikes out swinging
|
Batting: SHB Miguel González
|
0-0: Ball 1-0: Ground out 6-3 (Groundball, 6MS)
|
Bottom of the 7th over - 0 run(s), 0 hit(s), 0 error(s), 0 left on base; San Francisco 2 - So Cal 5 |
TOP OF THE 8TH |
San Francisco Bandits batting - Pitching for So Cal Henvy : LHP Stanley Inman
|
Batting: RHB Emílio Bruno
|
0-0: Foul Ball, location: 2F 0-1: Foul Ball, location: 2F 0-2: Ball 1-2: Strikes out swinging
|
Batting: RHB Javier Ramírez
|
0-0: Ball 1-0: Called Strike 1-1: Foul Ball, location: 2F 1-2: Ball 2-2: Strikes out looking
|
Batting: RHB Pete Rideout
|
0-0: Called Strike 0-1: Fly out, F2 (Popup, 2RF)
|
Top of the 8th over - 0 run(s), 0 hit(s), 0 error(s), 0 left on base; San Francisco 2 - So Cal 5 |
BOTTOM OF THE 8TH |
So Cal Henvy batting - Pitching for San Francisco Bandits : RHP Fernando Llama
|
Batting: RHB Earl Wiggins
|
0-0: Ball 1-0: Ball 2-0: Ball 3-0: Base on Balls
|
Batting: LHB John Peterson
|
0-0: Ball 1-0: Foul Ball, location: 2F 1-1: SINGLE (Groundball, 3D) Earl Wiggins to second Runner from 2nd tries for 3rd, SAFE, throw made to third
|
Batting: RHB Rubén Calderón
|
0-0: Called Strike 0-1: Ball 1-1: SINGLE (Groundball, 56D) Earl Wiggins scores John Peterson to second
|
Batting: LHB José Antonio Santiago
|
0-0: Called Strike 0-1: Ball 1-1: Ball 2-1: Ball 3-1: Base on Balls John Peterson to third Rubén Calderón to second
|
Batting: RHB Morgan Gibbon
|
0-0: Foul Ball, location: 2F 0-1: Fly out, F8 (Flyball, 8RM) Runner from 3rd tags up, SCORES, throw made
|
Batting: RHB Greg Handrahan
|
0-0: Ball 1-0: SINGLE (Groundball, 6MD) Rubén Calderón to third José Antonio Santiago to second Runner from 3rd tries for Home, SAFE, throw made home José Antonio Santiago to third Greg Handrahan to second
|
Pitching: RHP Mal Park
|
|
Batting: RHB Edouard Padovano
|
0-0: Swinging Strike 0-1: Swinging Strike 0-2: Ball 1-2: Foul Ball, location: 2F 1-2: Foul Ball, location: 2F 1-2: Ball 2-2: Ball 3-2: Strikes out looking
|
Batting: RHB Gregg Nelson
|
0-0: Foul Ball, location: 2F 0-1: SINGLE (Groundball, 56D) José Antonio Santiago scores Greg Handrahan to third Runner from 3rd tries for Home, SAFE, no throw or cutoff
|
Batting: SHB Miguel González
|
0-0: Ball 1-0: Ground out 1-3 (Groundball, 25)
|
Bottom of the 8th over - 5 run(s), 4 hit(s), 0 error(s), 1 left on base; San Francisco 2 - So Cal 10 |
TOP OF THE 9TH |
San Francisco Bandits batting - Pitching for So Cal Henvy : LHP Stanley Inman
|
Batting: LHB Jerry Bryan
|
0-0: Called Strike 0-1: Called Strike 0-2: Ball 1-2: Strikes out swinging
|
Batting: RHB Jorge Morales
|
0-0: Called Strike 0-1: Ground out 6-3 (Groundball, 6)
|
Batting: RHB Michael Elliott
|
0-0: Ball 1-0: Swinging Strike 1-1: Ball 2-1: Fly out, F8 (Flyball, 8RM)
|
Top of the 9th over - 0 run(s), 0 hit(s), 0 error(s), 0 left on base; San Francisco 2 - So Cal 10 |
|